Map: King Sejong Station LE

Players

Clem

  • Race: Terran Terran
  • League: Grandmaster

LiquidTLO (TLO) - Winner!

  • Race: Zerg Zerg
  • League: Grandmaster

VOD

Have the link to the VOD?

Description

Time

  • Played on: July 3, 2016, 7:04 a.m.
  • Length: 10:59
Show
View Real Time Build Order
Export as new Build Order

Clem Terran 

Build Orders: Liberator Opening, Reaper Expand, MMM Bio 

Get SALT Encoding   

  12  0:02  SCV  
  13  0:14  SCV  
  13  0:20  Supply Depot  
  14  0:26  SCV  
  15  0:41  SCV  
  16  0:44  Barracks  
  16  0:48  Refinery  
  16  0:54  SCV  
  17  1:06  SCV  
  18  1:19  SCV  
  19  1:30  Reaper  
  19  1:32  Orbital Command  
  20  1:41  Command Center  
  20  1:50  Supply Depot  
  20  1:58  SCV  
  21  2:02  Marine  
  22  2:10  Factory, SCV  
  23  2:20  Refinery  
  23  2:22  SCV  
  24  2:25  Barracks Reactor  
  24  2:34  SCV  
  24  2:46  SCV  
  25  2:58  Starport, SCV  
  27  3:05  Orbital Command  
  26  3:07  Marine, Hellion x2  
  26  3:11  SCV  
  32  3:20  Supply Depot  
  32  3:23  SCV  
  32  3:25  Marine  
  34  3:29  Hellion x2  
  34  3:31  SCV  
  39  3:35  SCV  
  39  3:37  Medivac  
  39  3:39  Supply Depot  
  42  3:45  Armory  
  42  3:48  SCV  
  43  3:49  SCV  
  43  3:50  Liberator  
  43  3:54  Barracks Tech Lab  
  44  3:57  Hellion  
  44  3:59  Hellion  
  49  4:02  SCV  
  49  4:03  SCV  
  53  4:15  SCV x2  
  55  4:18  Supply Depot  
  55  4:26  Marine x2  
  55  4:29  Siege Tank  
  60  4:33  Supply Depot  
  60  4:35  SCV  
  61  4:44  Supply Depot  
  61  4:46  Barracks  
  61  4:47  Barracks  
  61  4:50  Marine  
  61  4:51  Marine  
  61  4:52  SCV  
  63  4:59  SCV  
  64  5:01  Siege Tank  
  64  5:04  SCV  
  66  5:09  Starport Tech Lab  
  66  5:10  Marine x2  
  66  5:11  SCV  
  55  5:16  SCV  
  55  5:20  Refinery  
  55  5:21  Refinery  
  56  5:23  SCV  
  56  5:27  Marine x2  
  59  5:28  SCV  
  60  5:36  SCV  
  60  5:37  Starport Reactor  
  60  5:41  Supply Depot, Engineering Bay  
  60  5:42  Factory Tech Lab  
  61  5:43  Engineering Bay  
  61  5:44  Marine, Stimpack, Combat Shields  
  61  5:45  Marine x3  
  61  5:47  SCV  
  61  5:48  SCV  
  67  5:59  Barracks, SCV  
  67  6:02  Marine x2, Barracks  
  67  6:03  Marine  
  71  6:09  Terran Infantry Weapons Level 1  
  71  6:14  Marine  
  71  6:16  Terran Infantry Armor Level 1  
  72  6:20  Marine x2  
  72  6:23  Marine  
  72  6:27  Supply Depot, Siege Tank  
  72  6:32  Marine  
  76  6:36  Medivac  
  76  6:38  Marine x2  
  80  6:41  Marine  
  80  6:44  Supply Depot  
  80  6:45  Medivac  
  80  6:46  Supply Depot  
  83  6:49  Marine  
  83  6:50  Barracks Reactor  
  84  6:54  Barracks Reactor  
  84  6:56  Marine x2  
  84  6:59  Marine  
  87  7:05  Supply Depot x2  
  87  7:07  Marine, Siege Tank  
  91  7:14  Marine x2  
  93  7:16  Marine, Medivac  
  96  7:25  Marine  
  96  7:27  Supply Depot  
  96  7:28  Concussive Shells  
  96  7:29  Marine x3  
  99  7:32  Marauder x2  
  99  7:34  Marine, Medivac  
  107  7:38  Supply Depot  
  107  7:39  Supply Depot  
  107  7:40  Marine  
  107  7:43  Marine  
  109  7:47  Marine x3  
  112  7:52  Marine  
  112  7:53  Marauder x2  
  112  7:55  Siege Tank  
  112  7:58  Marine  
  120  8:02  Marine  
  120  8:05  Marine x3  
  119  8:10  Marine  
  119  8:15  Marauder x2  
  119  8:16  Marine  
  109  8:25  Marine x4  
  98  8:28  Marine  
  98  8:34  Marine  
  99  8:35  Medivac  
  99  8:36  Medivac, Marauder x2  
  99  8:39  Command Center  
  108  8:43  Marine x3, Terran Infantry Weapons Level 2  
  111  8:54  Marine  
  109  8:57  Marine, Marauder  
  109  8:58  Marine, Marauder  
  111  9:09  Marine x3  
  114  9:11  Siege Tank  
  117  9:19  Marauder x2  
  117  9:20  Marine  
  117  9:23  Marine x2  
  123  9:26  Marine  
  123  9:27  Medivac  
  123  9:28  Marine  
  127  9:40  Marauder x2  
  131  9:45  Siege Tank  
  131  9:46  Marine x2  
  131  9:50  Marine  
  137  9:53  Refinery  
  137  9:54  Refinery  
  137  9:57  Marine x2  
  139  10:00  Orbital Command  
  139  10:01  Marine x2  
  139  10:05  Marine  
  139  10:06  Marine x2  
  142  10:11  Marine  
  142  10:15  Marine  
  142  10:19  Marauder  
  141  10:24  Marine  
  134  10:31  Marauder  
  134  10:33  Marine  
  90  10:38  Marine  
Show
View Real Time Build Order
Export as new Build Order

LiquidTLO Zerg - Winner!

Build Orders: Hatch First 

Get SALT Encoding   

  12  0:00  Drone  
  13  0:14  Overlord  
  13  0:17  Drone  
  14  0:32  Drone x2  
  16  0:36  Drone  
  17  0:52  Hatchery  
  17  0:56  Drone  
  17  0:59  Drone  
  17  1:02  Extractor  
  17  1:15  Spawning Pool  
  17  1:17  Drone  
  17  1:20  Drone  
  18  1:32  Drone  
  19  1:42  Overlord  
  19  2:01  Zergling x2  
  19  2:02  Zergling x2, Queen  
  19  2:03  Metabolic Boost  
  19  2:06  Queen  
  25  2:10  Drone  
  25  2:13  Drone  
  28  2:15  Drone  
  28  2:25  Drone  
  28  2:29  Drone  
  30  2:38  Overlord  
  30  2:39  Drone  
  31  2:44  Queen  
  31  2:49  Drone  
  34  2:53  Drone  
  35  3:00  Hatchery  
  35  3:02  Drone  
  35  3:09  Drone  
  35  3:10  Drone  
  35  3:11  Drone x2  
  35  3:12  Drone  
  40  3:15  Drone  
  40  3:16  Drone  
  40  3:19  Drone  
  43  3:20  Drone  
  43  3:23  Overlord  
  44  3:32  Overlord  
  44  3:44  Drone x4  
  44  3:45  Extractor  
  44  3:47  Drone  
  48  3:48  Zergling x2  
  48  3:54  Zergling x6  
  52  3:57  Drone  
  52  3:59  Drone  
  54  4:04  Queen  
  54  4:05  Overlord, Queen  
  54  4:09  Drone, Spore Crawler  
  58  4:13  Drone  
  58  4:15  Queen  
  61  4:17  Drone  
  61  4:20  Drone  
  61  4:23  Drone  
  61  4:24  Spine Crawler  
  63  4:26  Baneling Nest  
  63  4:28  Zergling x2  
  63  4:29  Drone  
  63  4:31  Zergling x2  
  65  4:36  Zergling x2  
  66  4:40  Queen  
  66  4:41  Zergling x6  
  71  4:47  Zergling x2  
  71  4:48  Zergling x2  
  71  4:52  Zergling x2  
  73  4:56  Drone  
  73  5:05  Zergling x4  
  73  5:07  Zergling x2  
  73  5:09  Zergling x2  
  73  5:10  Drone  
  73  5:13  Drone  
  73  5:16  Lair  
  73  5:21  Drone, Evolution Chamber  
  73  5:22  Extractor, Drone, Evolution Chamber  
  73  5:23  Drone x2  
  74  5:31  Overlord  
  74  5:34  Overlord  
  74  5:39  Overlord  
  74  5:41  Extractor  
  73  5:43  Overlord  
  73  5:45  Overlord  
  73  5:47  Roach Warren  
  70  5:50  Drone  
  70  5:52  Drone  
  70  5:55  Drone  
  70  5:58  Zerg Melee Weapons Level 1, Zerg Ground Armor Level 1  
  70  5:59  Drone x2  
  70  6:00  Drone  
  70  6:01  Zergling x2  
  74  6:06  Drone x2  
  74  6:07  Drone x2  
  74  6:08  Drone  
  74  6:10  Drone, Spore Crawler  
  79  6:13  Drone x2  
  79  6:14  Drone  
  82  6:19  Spire, Centrifical Hooks  
  82  6:21  Drone  
  82  6:22  Zergling x4  
  82  6:24  Drone  
  82  6:25  Drone  
  86  6:31  Drone  
  86  6:32  Extractor, Drone  
  87  6:36  Pneumatized Carapace  
  87  6:38  Zergling x2  
  88  6:40  Extractor, Zergling x2  
  88  6:41  Zergling x2  
  88  6:42  Zergling x4, Spore Crawler  
  88  6:44  Baneling x3  
  88  6:46  Zergling x2  
  91  6:48  Zergling x2  
  91  6:50  Zergling x2  
  91  6:51  Zergling x4  
  95  6:59  Zergling x2, Drone  
  95  7:01  Zergling x2  
  98  7:02  Zergling x2  
  98  7:03  Zergling x2  
  98  7:05  Overlord  
  98  7:07  Zergling x2, Hatchery  
  100  7:12  Overlord  
  100  7:13  Roach x2  
  103  7:16  Roach, Drone  
  103  7:18  Baneling  
  106  7:23  Overlord x3  
  106  7:28  Overlord  
  106  7:31  Roach x2  
  106  7:33  Ravager  
  106  7:34  Roach  
  113  7:43  Ravager x2  
  115  7:48  Roach x2  
  115  7:51  Roach x3  
  122  7:52  Roach  
  122  7:53  Roach  
  122  7:55  Roach  
  122  7:57  Ravager  
  122  7:58  Ravager x2  
  131  7:59  Roach x2  
  131  8:01  Roach  
  131  8:03  Roach  
  131  8:05  Baneling x3  
  139  8:06  Roach  
  139  8:07  Roach  
  139  8:10  Roach  
  142  8:13  Roach x2  
  142  8:18  Roach  
  136  8:27  Roach x2  
  135  8:30  Drone x11  
  146  8:34  Zergling x2  
  146  8:35  Zergling x4  
  146  8:36  Zergling x2  
  148  8:42  Zerg Ground Armor Level 2, Roach  
  145  8:48  Zergling x2  
  145  8:55  Zergling x2  
  131  8:56  Ravager x2  
  131  8:57  Zergling x2  
  131  8:58  Zergling x8  
  131  8:59  Zergling x2  
  121  9:06  Zergling x2  
  121  9:07  Roach  
  121  9:09  Ravager x6  
  120  9:11  Zergling x2  
  120  9:12  Zergling x12  
  127  9:18  Zergling x4  
  127  9:20  Ravager x3  
  127  9:21  Baneling x2  
  127  9:22  Baneling x6  
  132  9:24  Zergling x4  
  132  9:25  Overlord  
  132  9:26  Zergling x2, Baneling  
  132  9:27  Baneling x3  
  132  9:28  Zergling x4  
  132  9:29  Zergling x2  
  134  9:33  Zergling x4, Queen  
  134  9:35  Zergling x2  
  134  9:36  Zergling x4  
  134  9:38  Zergling x2  
  142  9:42  Zergling x2  
  142  9:44  Spore Crawler  
  142  9:45  Baneling  
  142  9:49  Overlord x2  
  142  9:50  Corruptor  
  145  9:52  Ravager  
  145  9:55  Baneling x10  
  145  9:56  Zergling x2  
  145  9:59  Zergling x2  
  147  10:01  Queen  
  147  10:05  Zergling x2  
  147  10:06  Zergling x2  
  151  10:07  Zergling x2  
  151  10:08  Zergling x4  
  151  10:09  Zergling x2, Queen  
  151  10:13  Baneling x8  
  157  10:15  Zergling x2  
  157  10:17  Zergling x4  
  157  10:18  Zergling x2, Queen  
  157  10:19  Zergling x2  
  162  10:22  Roach  
  162  10:24  Roach  
  162  10:25  Roach  
  162  10:27  Zergling x2  
  166  10:29  Zergling x4  
  166  10:32  Zergling x4  
  166  10:35  Zergling x4  
  147  10:36  Zergling x4  
  147  10:37  Zergling x4  
  147  10:40  Zergling x2, Roach  
  147  10:41  Zergling x4  
  156  10:50  Infestation Pit  
Tags
 
Add a new tag
Caveats
  • Supply blocks, unpowered buildings, or Contaminate may cause inaccurate times.
  • Supply counts are checked every 10 seconds.